 Dungeon Crawl Stone Soup version 0.30-a0-381-g6ea064c7b4 (webtiles) character file.

Game seed: 6018480282680598690

7167 p00ps00p the Cleaver (level 11, -29/101 HPs)
             Began as a Hill Orc Fighter on Dec 2, 2022.
             Was an Initiate of Gozag.
             Killed from afar by a deep elf zephyrmancer (41 damage)
             ... with a bolt of lightning
             ... on level 9 of the Dungeon.
             The game lasted 00:19:12 (10135 turns).

p00ps00p the Cleaver (Hill Orc Fighter)            Turns: 10135, Time: 00:19:12

Health: -29/101    AC: 17    Str: 32    XL:     11   Next: 11%
Magic:  5/11       EV:  9    Int:  8    God:    Gozag
Gold:   918        SH: 11    Dex: 10    Spells: 10/10 levels left

rFire   + . .      SeeInvis .    a - +0 war axe
rCold   x . .      Faith    .    c - +0 buckler
rNeg    . . .      Spirit   .    o - +0 chain mail
rPois   .          Reflect  +    (no helmet)
rElec   .          Harm     .    A - +0 cloak
rCorr   .          Rampage  .    L - +2 pair of gloves {infuse}
Will    .....                    e - +0 pair of boots
Stlth   ..........               g - amulet of reflection
HPRegen 0.36/turn                J - ring of Gedekkau {Fire Str+2 Slay+3}
MPRegen 0.12/turn                O - +6 ring of strength

@: no status effects
A: no striking features
a: Renounce Religion, Potion Petition, Call Merchant, Bribe Branch


You were on level 9 of the Dungeon.
You worshipped Gozag.
Gozag was pleased with you.
You visited 2 branches of the dungeon, and saw 10 of its levels.

You collected 1929 gold pieces.
You spent 540 gold pieces at shops.
You paid 471 gold pieces to Gozag.

Inventory:

Hand Weapons
 a - a +0 war axe (weapon)
Missiles
 q - 24 poisoned darts (quivered)
 D - 7 curare-tipped darts
 P - a throwing net
Armour
 b - a +0 scale mail
 c - a +0 buckler (worn)
 e - a +0 pair of boots (worn)
 o - a +0 chain mail (worn)
 p - a +2 pair of gloves
 A - a +0 cloak (worn)
 L - a +2 pair of gloves of infusion (worn)
Jewellery
 g - an amulet of reflection (around neck)
 B - a ring of willpower
 J - the ring of Gedekkau (left hand) {Fire Str+2 Slay+3}
   (You found it on level 6 of the Dungeon)

   [ring of fire]

   It enhances your fire magic.
   Str:       It affects your strength (+2).
   Slay:      It affects your accuracy & damage with ranged weapons and melee
   (+3).
   rF:        It protects you from fire.
   rC:        It makes you vulnerable to cold.
 K - a +4 ring of evasion
 N - the ring of the Many Dances {rC+ rCorr Int+3 Dex-3}
   (You took it off a centaur on level 9 of the Dungeon)

   [ring of protection from cold]

   Int:       It affects your intelligence (+3).
   Dex:       It affects your dexterity (-3).
   rC:        It protects you from cold.
   rCorr:     It protects you from acid and corrosion.
 O - a +6 ring of strength (right hand)
Wands
 v - a wand of polymorph (4)
 y - a wand of charming (34)
 E - a wand of mindburst (15)
 F - a wand of roots (30)
Scrolls
 h - 2 scrolls of teleportation
 k - 6 scrolls of blinking
 l - 3 scrolls of poison
 m - 2 scrolls of amnesia
 t - 7 scrolls of enchant armour {unknown}
 u - 2 scrolls of acquirement
 w - 4 scrolls of identify
 x - a scroll of enchant weapon {unknown}
 C - a scroll of silence {unknown}
 G - a scroll of vulnerability {unknown}
 H - 2 scrolls of fear
Potions
 d - 2 potions of mutation {unknown}
 f - 4 potions of degeneration
 i - 3 potions of haste
 j - 3 potions of brilliance
 n - 2 potions of cancellation {unknown}
 r - 2 potions of attraction {unknown}
 s - 2 potions of lignification {unknown}
 z - 2 potions of flight {unknown}
 I - 2 potions of curing {unknown}
 M - a potion of berserk rage {unknown}


   Skills:
 + Level 10.7 Fighting
 + Level 11.2 Axes
 + Level 9.8 Armour
 + Level 9.9 Shields


You had 10 spell levels left.
You didn't know any spells.
Your spell library contained the following spells:

 Spells                   Type           Power      Damage    Failure   Level
 Necrotise                Necr           0%         1d4       89%         1
 Blink                    Tloc           0%         N/A       96%         2
 Momentum Strike          Conj/Tloc      0%         3d8       96%         2
 Call Canine Familiar     Summ           0%         N/A       99%         3
 Dazzling Flash           Conj/Hex       0%         N/A       99%         3
 Hailstorm                Conj/Ice       0%         3d3       99%         3
 Lesser Beckoning         Tloc           0%         N/A       99%         3
 Vampiric Draining        Necr           0%         2d6       99%         3
 Animate Armour           Summ/Erth      0%         N/A       100%        4
 Iskenderun's Mystic Bla  Conj/Tloc      0%         2d3       100%        4
 Summon Ice Beast         Ice/Summ       0%         N/A       100%        4
 Agony                    Necr           0%         N/A       100%        5
 Summon Forest            Summ/Tloc      0%         N/A       100%        5
 Summon Mana Viper        Hex/Summ       0%         N/A       100%        5
 Starburst                Conj/Fire      0%         6d3       100%        6
 Monstrous Menagerie      Summ           0%         N/A       100%        7


Dungeon Overview and Level Annotations

Branches:
Dungeon (9/15)             Temple (1/1) D:4
   Lair: D:8-11         Orc: D:9-12

Altars:
Ashenzari
Cheibriados
Dithmenos
Elyvilon
Fedhas
Gozag
Hepliaklqana
Kikubaaqudgha
Makhleb
Nemelex Xobeh
Okawaru
Qazlal
Ru
Sif Muna
Trog
Uskayaw
Vehumet
Wu Jian
Xom
Yredelemnul
Zin
The Shining One

Shops:
D:7 !=

Annotations:
D:4 2 transporters, lokiplouj's ghost, amateur MiBe
D:8 3 runed translucent doors, greenreed's ghost, novice OgNe


Message History

You kill the orc sorcerer!
The deep elf zephyrmancer casts a spell at you.
The bolt of lightning hits you!
You hear a bellow! x4
The deep elf zephyrmancer points at you and mumbles some strange words.
The bolt of lightning misses you.
You hear a bellow!
Things that are here:
7 gold pieces; a +0 dagger; a +0 robe You slash the deep elf zephyrmancer!
The deep elf zephyrmancer is heavily wounded.
The deep elf zephyrmancer drinks a potion.
The deep elf zephyrmancer's spells are empowered!
You slash the deep elf zephyrmancer!
The deep elf zephyrmancer is severely wounded.
The deep elf zephyrmancer gestures wildly while chanting.
The deep elf zephyrmancer blinks!
The deep elf zephyrmancer casts a spell at you.
The bolt of lightning hits you!!!
You hear a bellow! x2
The deep elf zephyrmancer gestures at you while chanting.
The bolt of lightning misses you.
You closely miss the deep elf zephyrmancer.
The deep elf zephyrmancer is severely wounded.
The deep elf zephyrmancer casts a spell at you.
The bolt of lightning hits you!!
* * * LOW HITPOINT WARNING * * *
You hear a bellow! x2
You barely miss the deep elf zephyrmancer.
The deep elf zephyrmancer is heavily wounded.
The deep elf zephyrmancer casts a spell at you.
The bolt of lightning hits you!
* * * LOW HITPOINT WARNING * * *
You hear an angry buzzing noise.
You hear a bellow! x2
You barely miss the deep elf zephyrmancer.
The deep elf zephyrmancer is heavily wounded.
The deep elf zephyrmancer points at you and mumbles some strange words.
The bolt of lightning hits you!!!
You die...
Your body crumbles into a pile of gold.

#.#.#.#.#.#......................
#.........#.#####################
#.#.#.#.#.#.# ..........#.# #
..#.#.#.#.#.#. ##.#
....##......#.## #...
....##......#...##..
....##......#...e.# #
....##......##..@.## .#
######......###....#..# #
#.......# ##.$$..# #
###.......#####'#####
###.........#...#.#...#
...<........#.#.....#.#
......###.#.#..##.##..# ...####
#.#.##.#.#.#.## ...# #...#
..#[#...#


You could see a deep elf zephyrmancer (empowered).

Vanquished Creatures
  A two-headed ogre (D:7)
  Pikel (D:7)
  A deep elf pyromancer (D:9)
  An orc sorcerer (D:9)
  The ghost of bande the Chopper, a novice GrFi of Okawaru (D:6)
  3 wyverns (D:9)
  A yak (D:9)
  A steam dragon (D:9)
  Edmund (D:5)
  2 acid dragons
  A water moccasin (D:8)
  Duvessa (D:7)
  2 ice beasts
  3 sky beasts
  A black bear (D:5)
  2 ogres
  2 centaurs
  A phantom (D:6)
  3 kobold brigands
  2 gnoll sergeants (D:8)
  7 bullfrogs
  A necrophage (D:5)
  5 scorpions
  Dowan (D:7)
  3 wights (D:6)
  12 killer bees
  A howler monkey (D:7)
  A wyvern simulacrum (D:6)
  4 hounds
  2 gnoll boudas
  2 orc priests
  A water moccasin simulacrum (D:6)
  5 iguanas
  3 orc wizards
  7 adders
  19 gnolls
  A shadow imp (D:7)
  4 white imps (D:6)
  3 worms
  A dart slug (D:1)
  20 orcs
  5 endoplasms
  2 giant cockroaches
  7 goblins
  7 hobgoblins
  7 jackals
  20 kobolds
  4 quokkas
  6 ball pythons
  7 bats
  3 frilled lizards
  4 rats
206 creatures vanquished.

Notes
Turn   | Place    | Note
-------+----------+-------------------------------------------
     0 | D:1      | p00ps00p the Hill Orc Fighter began the quest for the Orb.
     0 | D:1      | Reached XP level 1. HP: 19/19 MP: 1/1
    97 | D:1      | Reached skill level 3 in Axes
    97 | D:1      | Reached XP level 2. HP: 27/27 MP: 2/2
   787 | D:2      | Reached XP level 3. HP: 31/33 MP: 3/3
  1332 | D:3      | Identified a scroll of acquirement
  1332 | D:3      | Acquired 505 gold pieces
  1423 | D:3      | Reached XP level 4. HP: 40/40 MP: 4/4
  2129 | D:4      | Reached skill level 4 in Axes
  2153 | D:4      | Reached XP level 5. HP: 35/47 MP: 5/5
  2201 | D:4      | Noticed an ogre
  2209 | D:4      | Killed an ogre
  2223 | D:4      | Reached skill level 5 in Fighting
  2223 | D:4      | Reached XP level 6. HP: 35/56 MP: 6/6
  2368 | D:4      | Found a transporter.
  2408 | D:4      | Reached skill level 5 in Axes
  2564 | D:4      | Found a transporter.
  2564 | D:4      | Noticed lokiplouj's ghost (amateur MiBe)
  2647 | D:4      | Found a staircase to the Ecumenical Temple.
  2673 | D:4      | Reached skill level 5 in Shields
  2676 | D:4      | Reached skill level 5 in Armour
  2809 | D:4      | Reached XP level 7. HP: 61/61 MP: 7/7
  2921 | Temple   | Entered the Ecumenical Temple
  3254 | Temple   | Became a worshipper of Gozag Ym Sagoz the Greedy
  3549 | D:5      | Entered Level 5 of the Dungeon
  3569 | D:5      | Identified the +4 dagger "Tormentor" {freeze, rPois}
  4027 | D:5      | Reached skill level 6 in Axes
  4275 | D:5      | Noticed Edmund
  4299 | D:5      | Killed Edmund
  4300 | D:5      | Reached XP level 8. HP: 17/71 MP: 8/8
  4527 | D:5      | You fall into a shaft and drop 3 floors!
  4554 | D:7      | Noticed Pikel
  4575 | D:7      | Killed Pikel
  4576 | D:7      | Reached skill level 7 in Axes
  4705 | D:7      | Found Idarhy's Distillery.
  4721 | D:7      | Reached XP level 9. HP: 77/79 MP: 9/9
  4759 | D:6      | Reached skill level 8 in Axes
  5799 | D:6      | Found a runed translucent gate.
  5799 | D:6      | Found a runed translucent gate.
  5799 | D:6      | Found a runed translucent gate.
  5938 | D:6      | Noticed bande's ghost (novice GrFi)
  6136 | D:7      | Noticed a two-headed ogre
  6159 | D:7      | HP: 2/82 [two-headed ogre/+0 giant club (22)]
  6173 | D:7      | Found Byocuoz's Elemental Accessories.
  6212 | D:7      | Bought a +4 ring of evasion for 540 gold pieces
  6482 | D:7      | Killed a two-headed ogre
  6483 | D:7      | Reached skill level 9 in Axes
  6483 | D:7      | Reached XP level 10. HP: 62/91 MP: 10/10
  6626 | D:7      | Got the Discursus on Amassed Graupel
  6827 | D:7      | Noticed Duvessa
  6829 | D:7      | Noticed Dowan
  6840 | D:7      | Killed Duvessa
  6842 | D:7      | Killed Dowan
  8140 | D:8      | Got the Guidebook on Ice and Apparitions
  8238 | D:8      | Reached skill level 10 in Axes
  8382 | D:9      | Found an ornate altar of the Wu Jian Council.
  8702 | D:8      | Noticed a centaur warrior
  8704 | D:8      | Noticed a centaur warrior
  8706 | D:8      | Noticed a cyclops
  8707 | D:8      | Noticed a green ugly thing
  8708 | D:8      | Noticed a death drake
  8831 | D:8      | Found a runed translucent gate.
  8832 | D:8      | Found a runed translucent gate.
  8833 | D:8      | Found a runed translucent gate.
  8839 | D:8      | Noticed greenreed's ghost (novice OgNe)
  9004 | D:6      | Killed bande's ghost
  9043 | D:6      | Got the ring of Gedekkau {Fire Str+2 Slay+3}
  9474 | D:9      | Reached skill level 10 in Fighting
 10024 | D:9      | Identified the ring of the Many Dances {rC+ rCorr Int+3
                  | Dex-3}
 10117 | D:9      | Noticed a deep elf pyromancer
 10118 | D:9      | Noticed an orc sorcerer
 10119 | D:9      | Noticed a deep elf zephyrmancer
 10123 | D:9      | Killed a deep elf pyromancer
 10124 | D:9      | Reached skill level 11 in Axes
 10124 | D:9      | Reached XP level 11. HP: 88/101 MP: 8/11
 10125 | D:9      | Killed an orc sorcerer
 10135 | D:9      | Killed from afar by a deep elf zephyrmancer

Illustrated notes

Levels and vault maps discovered:
D:1:      dpeg_arrival_refuge, layout_basic
D:2:      layout_rooms, minivault_5, minmay_fountain_box, minmay_octomino_j4
D:3:      layout_loops_ring
D:4:      layout_basic, minmay_temple_entry_statues, gammafunk_ghost_mausoleum,
          nicolae_figureground_sparkle
D:5:      wad_crossroads, layout_cave_pods, chequers_serial_rivers_micro_e,
          uniq_edmund
D:6:      layout_cave_pools, gammafunk_ghost_icy
D:7:      layout_basic, serial_shops, nicolae_stop_n_shop_2,
          nicolae_elemental_shop, uniq_duvessa, uniq_pikel
D:8:      layout_cave_pools, gammafunk_ghost_necromancy,
          onia_ninara_dug_in_and_dangerous
D:9:      minmay_the_grid_3x3 [minmay_the_grid_tree, minmay_the_grid_odd_star,
          minmay_the_grid_tri_star, minmay_the_grid_medium_cups,
          minmay_the_grid_gridbox, minmay_the_grid_doors,
          minmay_the_grid_tiny_cups, minmay_the_grid_square_x,
          minmay_the_grid_prize_diamond_cup], layout_basic,
          overflow_temple_1_default, st_stairs_12
Temple:   mainiacjoe_temple_circle_huts

Skill      XL: |  1  2  3  4  5  6  7  8  9 10 |
---------------+-------------------------------+-----
Axes           | 3 4 5 6 7 9 11 | 11.2
Fighting       | 4 5 6 7 9 10 | 10.7
Shields        | 4 5 6 8 9 |  9.9
Armour         | 4 5 6 8 9 |  9.8

Action                   |  1- 3 |  4- 6 |  7- 9 | 10-12 || total
-------------------------+-------+-------+-------+-------++-------
Melee: War axe           |   102 |   117 |   259 |   190 ||   668
Throw: Dart              |       |       |     4 |       ||     4
Invok: Call Merchant     |       |       |     1 |       ||     1
Evoke: Wand              |       |       |    10 |     3 ||    13
  Use: Scroll            |     9 |       |     2 |       ||    11
       Potion            |       |     2 |     1 |     2 ||     5
 Stab: Distracted        |       |       |       |     1 ||     1
Armor: Scale mail        |    29 |       |       |       ||    29
       Chain mail        |    23 |    73 |   182 |   108 ||   386
Dodge: Dodged            |    50 |    40 |    76 |    98 ||   264
Block: Buckler           |    67 |    61 |   157 |   159 ||   444
       Reflection        |     2 |     2 |     1 |     3 ||     8

Table legend: (Time is in decaauts)
 A = Elapsed time spent in this place.
 B = Non-inter-level travel time spent in this place.
 C = Inter-level travel time spent in this place.
 D = Time resting spent in this place.
 E = Time spent auto-exploring this place.
 F = Levels seen in this place.
 G = Mean time per level.
                   A        B        C        D        E       F      G
               +--------+--------+--------+--------+--------+-----+--------+
         Total |  10226 |   9843 |    383 |   2023 |   5570 |  10 | 1022.6 |
       Dungeon |   9870 |   9549 |    321 |   2023 |   5298 |   9 | 1096.7 |
        Temple |    355 |    294 |     61 |      0 |    272 |   1 |  355.0 |
               +--------+--------+--------+--------+--------+-----+--------+

Top non-repeatable levels by time:
     D:7: 2193 daAuts
     D:5: 1573 daAuts
     D:4: 1215 daAuts
     D:9: 1018 daAuts
     D:6: 925 daAuts
     D:8: 905 daAuts
     D:1: 792 daAuts
     D:3: 671 daAuts
     D:2: 573 daAuts
  Temple: 355 daAuts
